 Dungeon Crawl Stone Soup version 0.26.1-11-gd32895ea62 (webtiles) character file.

Game seed: 18316567786071678297

83463 nothank2 the Carver (level 16, -13/110 (134) HPs)
             Began as a Formicid Fighter on July 13, 2021.
             Was the Champion of Makhleb.
             Mangled by Donald
             ... wielding a +2 broad axe of draining
              (16 damage)
             ... on level 2 of the Orcish Mines.
             The game lasted 01:28:55 (28163 turns).

nothank2 the Carver (Formicid Fighter)             Turns: 28163, Time: 01:28:56

HP:   -13/110 (134) AC: 30    Str: 28    XL:     16   Next: 24%
MP:   22/22         EV:  8    Int:  8    God:    Makhleb [******]
Gold: 2210          SH: 21    Dex: 10    Spells: 15/15 levels left

rFire    . . .     SeeInvis +   E - +7 scimitar "Nuzangob" {freeze, +Inv rC+ Will+}
rCold    + + .     Faith    .   p - +2 kite shield
rNeg     . . .     Spirit   .   N - +1 plate armour {rPois}
rPois    +         Reflect  +   (helmet unavailable)
rElec    .         Harm     .   z - +1 cloak
rCorr    .         Rampage  .   V - +2 pair of gloves {archery}
Will     ++...                  o - +2 pair of boots
Stlth    ..........             w - amulet of reflection
HPRegen  0.28/turn              X - +4 ring of protection
MPRegen  0.18/turn              B - ring of protection from cold

@: very slightly contaminated, heavily drained, invisible
A: permanent stasis, dig shafts and tunnels, four strong arms, antennae 3
a: Dig, Shaft Self, Renounce Religion, Evoke Invisibility, Minor Destruction,
Lesser Servant of Makhleb, Major Destruction, Greater Servant of Makhleb


You were on level 2 of the Orcish Mines.
You worshipped Makhleb.
Makhleb was exalted by your worship.
You visited 4 branches of the dungeon, and saw 24 of its levels.
You also visited: Gauntlet.

You collected 2399 gold pieces.
You spent 189 gold pieces at shops.

Inventory:

Hand Weapons
 D - a +5 long sword
 E - the +7 scimitar "Nuzangob" (weapon) {freeze, +Inv rC+ Will+}
   (You found it on level 4 of the Lair of Beasts)

   It has been specially enchanted to freeze those struck by it, causing extra
   injury to most foes and up to half again as much damage against particularly
   susceptible opponents.
   It can also slow down cold-blooded creatures.
   It protects you from cold.
   It affects your willpower, your defense against some magical effects.
   It lets you turn invisible.
 I - a +3 morningstar
 R - a +0 demon whip
Missiles
 y - 13 poisoned darts (quivered)
Armour
 c - a +1 kite shield
 o - a +2 pair of boots (worn)
 p - a +2 kite shield (worn)
 z - a +1 cloak (worn)
 G - a +0 plate armour
 N - a +1 plate armour of poison resistance (worn)
 V - a +2 pair of gloves of archery (worn)
Jewellery
 u - an uncursed ring of protection from fire
 w - an amulet of reflection (around neck)
 A - an uncursed ring of flight
 B - a ring of protection from cold (right hand)
 H - an uncursed ring of protection from cold
 L - an uncursed amulet of the acrobat {unknown}
 X - a +4 ring of protection (left hand)
 Y - an uncursed ring of willpower
Wands
 g - a wand of polymorph (8)
 j - a wand of random effects (16)
 l - a wand of digging (4)
 q - a wand of flame (25)
 x - a wand of acid (12)
 C - a wand of iceblast (29)
 J - a wand of paralysis (11)
Scrolls
 a - 10 scrolls of identify
 b - 12 scrolls of remove curse
 e - 7 scrolls of enchant armour
 f - 3 scrolls of fog
 k - 4 scrolls of amnesia
 m - 3 scrolls of magic mapping
 s - a scroll of silence
 F - 5 scrolls of enchant weapon
Potions
 d - 3 potions of might
 h - a potion of ambrosia
 i - 4 potions of lignification
 n - a potion of cancellation {unknown}
 r - 12 potions of curing
 t - 6 potions of flight
 v - a potion of resistance
 K - 2 potions of attraction
 M - 2 potions of invisibility
 Z - 2 potions of mutation
Miscellaneous
 U - a tin of tremorstones (2/2)


   Skills:
 + Level 14.9 Fighting
 + Level 14.9 Long Blades
 + Level 13.3 Armour
 + Level 14.4 Shields
 - Level 9.0 Invocations


You had 15 spell levels left.
You didn't know any spells.
Your spell library contained the following spells:

 Spells                   Type           Power        Failure   Level
 Beastly Appendage        Tmut           0%           96%         1
 Corona                   Hex            0%           96%         1
 Magic Dart               Conj           0%           96%         1
 Sting                    Tmut/Pois      0%           96%         1
 Call Imp                 Summ           0%           99%         2
 Ensorcelled Hibernation  Hex/Ice        0%           99%         2
 Poisonous Vapours        Pois/Air       0%           99%         2
 Searing Ray              Conj           0%           99%         2
 Slow                     Hex            0%           99%         2
 Wereblood                Tmut           0%           99%         2
 Confusing Touch          Hex            0%           100%        3
 Conjure Flame            Conj/Fire      0%           100%        3
 Dazzling Flash           Conj/Hex       0%           100%        3
 Ignite Poison            Fire/Tmut/Pois 0%           100%        3
 Mephitic Cloud           Conj/Pois/Air  0%           100%        3
 Spider Form              Tmut/Pois      0%           100%        3
 Static Discharge         Conj/Air       0%           100%        3
 Tukima's Dance           Hex            0%           100%        3
 Cause Fear               Hex            0%           100%        4
 Fulminant Prism          Conj/Hex       0%           100%        4
 Ice Form                 Ice/Tmut       0%           100%        4
 Iskenderun's Mystic Bla  Conj/Tloc      0%           100%        4
 Olgreb's Toxic Radiance  Pois           0%           100%        4
 Blade Hands              Tmut           0%           100%        5
 Bolt of Magma            Conj/Fire/Erth 0%           100%        5
 Iskenderun's Battlesphe  Conj           0%           100%        5
 Lightning Bolt           Conj/Air       0%           100%        5
 Silence                  Hex/Air        0%           100%        5
 Yara's Violent Unravell  Hex/Tmut       0%           100%        5
 Freezing Cloud           Conj/Ice/Air   0%           100%        6
 Iron Shot                Conj/Erth      0%           100%        6
 Orb of Destruction       Conj           0%           100%        7
 Spellforged Servitor     Conj/Summ      0%           100%        7
 Discord                  Hex            0%           100%        8
 Ignition                 Fire           0%           100%        8
 Shatter                  Erth           0%           100%        9
 Tornado                  Air            0%           100%        9
 Blink                    Tloc           Unusable     N/A         2

Dungeon Overview and Level Annotations

Branches:
Dungeon (15/15)            Temple (1/1) D:5            Lair (6/6) D:9
 Shoals (0/4) Lair:4       Spider (0/4) Lair:2        Slime (0/5) Lair:6
    Orc (2/2) D:11         Vaults (0/5) D:14         Depths (0/5) D:15
Gauntlet (visited)
    Elf: Orc:2

Altars:
Ashenzari
Dithmenos
Elyvilon
Fedhas
Gozag
Hepliaklqana
Kikubaaqudgha
Makhleb
Nemelex Xobeh
Okawaru
Qazlal
Ru
Sif Muna
Uskayaw
Wu Jian
Xom
Yredelemnul
The Shining One
Beogh
Jiyva

Shops:
D:4 *   D:7 ?   D:11 =   Orc:2 [:

Portals:
Trove: D:14 (give +6 demon trident)

Annotations:
D:11 2 transporters, SunnyBump's ghost, novice DsBe
D:15 Roxanne
Orc:2 Donald


Innate Abilities, Weirdness & Mutations

You cannot be hasted, slowed, berserked, paralysed or teleported.
You can dig through walls and to a lower floor.
Your four strong arms can wield two-handed weapons with a shield.
You have a pair of large antennae on your head. (SInv)


Message History

Donald hits you with a +2 broad axe of draining!!
* * * LOW HITPOINT WARNING * * *
You feel drained.
* * * LOW HITPOINT WARNING * * *
Donald blocks your attack.
Donald is severely wounded.
Donald hits you with a +2 broad axe of draining!
* * * LOW HITPOINT WARNING * * *
You feel drained.
* * * LOW HITPOINT WARNING * * *
Okay, then.
You fade into invisibility!
Donald says, "My feet hurt."
You block Donald's attack.
You are very lightly contaminated with residual magic.
Found a stone staircase leading up.
Donald says, "What lunatic would build a room out of doors?"
You block Donald's attack.
Donald hits you with a +2 broad axe of draining!
You die...

## #### ####.######.#.#.
##.#.....P....... #
............P...
##...............#
#####....#.P.........#
##.#.#...##...8.@.....#
#..............@∩.......
##.........P............
.###....................
.#.....)^..)............
.........)))............
...._....)....P.P.......
........................
#..)...................


You could see Donald (fast, strong).

Vanquished Creatures
  A frost giant (D:15)
  An orc warlord (Orc:2)
  A dire elephant (Lair:2)
  Nessos (D:12)
  A minotaur (Gauntlet)
  An ettin (Orc:1)
  Josephine (D:13)
  A vault guard (D:14)
  Harold (D:10)
  A hydra (D:10)
  Erolcha (D:12)
  3 boulder beetles
  Fannar (Lair:1)
  2 centaur warriors (D:15)
  A catoblepas (Gauntlet)
  2 two-headed ogres (D:15)
  2 dancing weapons (D:14)
  5 death yaks
  2 tengu warriors
  Nergalle (D:12)
  Sonja (D:13)
  Urug (D:11)
  5 unseen horrors
  8 ugly things
  3 orc knights
  2 cyclopes (D:14)
  4 orc sorcerers (Orc:2)
  A manticore (D:13)
  A deep elf mage (D:12)
  A merfolk siren (Lair:4)
  3 black mambas
  An apocalypse crab (Gauntlet)
  Maurice (D:13)
  2 centaur zombies
  2 gargoyles
  16 elephants (Lair:2)
  4 centaur skeletons
  2 rime drakes
  22 cane toads
  6 komodo dragons
  A freezing wraith (D:14)
  2 yaktaurs (D:15)
  An efreet (D:15)
  A redback zombie (D:13)
  A polar bear (Lair:2)
  3 meliai (D:14)
  4 trolls
  A troll (shapeshifter) (Gauntlet)
  4 hornets
  Prince Ribbit (D:5)
  2 meliai zombies
  7 dream sheep (Lair:6)
  14 blink frogs
  A slime creature (shapeshifter) (D:11)
  Sigmund (D:6)
  2 redbacks (Lair:2)
  A spriggan (Lair:2)
  A vampire (D:10)
  3 shadows
  7 wyverns
  38 yaks
  A tarantella (Lair:3)
  6 wraiths
  7 vampire mosquitoes
  Grum (D:9)
  4 basilisks
  4 wargs
  A water moccasin (shapeshifter) (Gauntlet)
  15 water moccasins
  A black bear (D:12)
  A meliai simulacrum (D:14)
  An eye of draining (shapeshifter) (D:15)
  26 orc warriors
  3 sky beasts
  An eye of draining (D:12)
  A necrophage (D:12)
  4 ice beasts
  5 ogres
  13 wolves
  The ghost of PaiMei the Conjurer, an amateur DrCj (D:3)
  5 phantoms
  6 centaurs
  A big kobold (shapeshifter) (Gauntlet)
  2 big kobolds
  25 bullfrogs
  2 scorpions (D:10)
  11 killer bees
  19 wights
  2 vampire bats (Orc:1)
  3 howler monkeys
  A quasit (D:13)
  11 hounds
  9 jellies
  16 orc priests
  A gnoll shaman (D:7)
  24 orc wizards
  2 bullfrog skeletons
  Terence (D:2)
  Ijyb (D:3)
  8 worker ants
  2 hound skeletons
  Robin (D:2)
  A worker ant zombie (D:4)
  4 gnolls (D:7)
  6 adders
  A shadow imp (D:6)
  14 white imps
  An ufetubus (D:10)
  2 oozes (Lair:6)
  An adder zombie (D:8)
  An adder skeleton (D:4)
  5 worms
  2 dart slugs
  5 leopard geckos
  111 orcs
  A ball python (D:4)
  2 giant cockroaches
  19 goblins
  13 hobgoblins
  7 iguanas
  8 jackals
  16 kobolds
  4 quokkas
  14 bats
  4 frilled lizards
  A quokka zombie (D:5)
  9 rats
713 creatures vanquished.

Vanquished Creatures (collateral kills)
  A hydra (Lair:5)
  A cane toad (Lair:5)
  A warg (Orc:2)
3 creatures vanquished.

Vanquished Creatures (others)
  110 fungi
  155 plants
265 creatures vanquished.

Grand Total: 981 creatures vanquished

Notes
Turn   | Place    | Note
-------+----------+-------------------------------------------
     0 | D:1      | nothank2 the Formicid Fighter began the quest for the Orb.
     0 | D:1      | Reached XP level 1. HP: 18/18 MP: 1/1
    79 | D:1      | Reached XP level 2. HP: 24/24 MP: 2/2
   649 | D:2      | Noticed Robin
   656 | D:2      | Killed Robin
   657 | D:2      | Reached XP level 3. HP: 28/30 MP: 3/3
   694 | D:2      | Reached XP level 4. HP: 21/37 MP: 4/4
  1093 | D:2      | Noticed Terence
  1102 | D:2      | Killed Terence
  1381 | D:2      | Reached XP level 5. HP: 31/42 MP: 5/5
  1561 | D:2      | Found a shimmering altar of Xom.
  2023 | D:3      | Noticed a bullfrog
  2031 | D:3      | Killed a bullfrog
  2032 | D:3      | Reached skill level 5 in Long Blades
  2032 | D:3      | Reached XP level 6. HP: 44/50 MP: 6/6
  2325 | D:3      | Noticed Ijyb
  2331 | D:3      | Killed Ijyb
  2332 | D:3      | Reached skill level 5 in Fighting
  3137 | D:3      | Found a runed translucent door.
  3138 | D:3      | Noticed PaiMei's ghost (amateur DrCj)
  3157 | D:3      | Killed PaiMei's ghost
  3158 | D:3      | Reached XP level 7. HP: 35/56 MP: 7/7
  4809 | D:4      | Reached XP level 8. HP: 64/64 MP: 8/8
  4893 | D:4      | Found a broken altar of Ashenzari.
  5000 | D:4      | Found Fofod's Serpentskin Sales.
  5015 | D:4      | Bought a +1 long sword of venom for 145 gold pieces
  5353 | D:4      | Found a white marble altar of Elyvilon.
  5360 | D:4      | Found a sparkling altar of Nemelex Xobeh.
  5428 | D:4      | Found a shimmering altar of Xom.
  5758 | D:5      | Entered Level 5 of the Dungeon
  6028 | D:5      | Found a staircase to the Ecumenical Temple.
  6039 | Temple   | Entered the Ecumenical Temple
  6093 | Temple   | Became a worshipper of Makhleb the Destroyer
  6819 | D:6      | Noticed Prince Ribbit
  6843 | D:5      | Killed Prince Ribbit
  7055 | D:6      | Reached XP level 9. HP: 70/72 MP: 9/9
  7727 | D:6      | Noticed Sigmund
  7734 | D:6      | Killed Sigmund
  8468 | D:7      | Noticed a hornet
  8481 | D:6      | Killed a hornet
  8639 | D:7      | Reached skill level 10 in Long Blades
  8738 | D:7      | Found Kesseplid's Magic Scroll Shop.
  8765 | D:7      | Bought 2 scrolls of identify for 44 gold pieces
  8770 | D:7      | Found a blossoming altar of Fedhas.
  8827 | D:7      | Reached * piety under Makhleb
  8841 | D:7      | Reached skill level 1 in Invocations
  9009 | D:7      | You fall into a shaft and drop 1 floor!
  9180 | D:8      | Noticed a gargoyle
  9196 | D:8      | Killed a gargoyle
  9197 | D:8      | Reached XP level 10. HP: 82/82 MP: 11/11
  9761 | D:8      | Found a hide-covered altar of Uskayaw.
  9851 | D:8      | Found an opulent altar of Gozag.
  9920 | D:8      | Found a hazy altar of Hepliaklqana.
 10016 | D:8      | Reached skill level 5 in Shields
 10379 | D:8      | Reached skill level 5 in Armour
 11081 | D:9      | Found a staircase to the Lair.
 11332 | D:9      | Reached XP level 11. HP: 57/89 MP: 14/14
 11590 | D:9      | Reached ** piety under Makhleb
 11790 | D:9      | Noticed Grum
 11795 | D:9      | Reached skill level 5 in Invocations
 11813 | D:9      | Killed Grum
 11911 | D:9      | Found a stormy altar of Qazlal.
 12039 | D:10     | Entered Level 10 of the Dungeon
 12137 | D:10     | Noticed a tengu warrior
 12153 | D:10     | Killed a tengu warrior
 12443 | D:10     | Reached *** piety under Makhleb
 12570 | D:10     | Noticed Harold
 12617 | D:10     | Killed Harold
 12618 | D:10     | Reached skill level 10 in Fighting
 12713 | D:10     | Noticed a four-headed hydra
 12756 | D:10     | Killed a six-headed hydra
 13369 | D:11     | Found Poban's Jewellery Shop.
 13451 | D:11     | Noticed SunnyBump's ghost (novice DsBe)
 13494 | D:11     | Found a transporter.
 13825 | D:11     | Reached XP level 12. HP: 97/97 MP: 16/16
 13827 | D:11     | Reached **** piety under Makhleb
 13868 | D:11     | Noticed a shock serpent
 13868 | D:11     | an orb spider changed into a shock serpent
 13870 | D:11     | a shock serpent changed into a wolf spider
 14052 | D:11     | Found a transporter.
 14693 | D:11     | Noticed Urug
 14703 | D:11     | Killed Urug
 14825 | D:11     | Found a staircase to the Orcish Mines.
 14908 | Lair:1   | Entered Level 1 of the Lair of Beasts
 15662 | Lair:1   | Noticed Fannar
 15668 | Lair:1   | You fall into a shaft and drop 1 floor!
 16105 | Lair:2   | Reached XP level 13. HP: 98/106 MP: 19/19
 16423 | Lair:2   | Noticed a dire elephant
 16448 | Lair:2   | Killed a dire elephant
 16586 | Lair:2   | Found a shadowy altar of Dithmenos.
 16831 | Lair:2   | Found a hole to the Spider Nest.
 16973 | Lair:2   | Reached ***** piety under Makhleb
 16974 | Lair:2   | Reached skill level 10 in Shields
 17523 | Lair:3   | Found a hide-covered altar of Uskayaw.
 17523 | Lair:3   | Noticed a boulder beetle
 17540 | Lair:3   | Killed a boulder beetle
 17573 | Lair:3   | Found an ornate altar of the Wu Jian Council.
 18199 | Lair:3   | Found a runed translucent door.
 18551 | Lair:3   | Noticed a boulder beetle
 18569 | Lair:3   | Killed a boulder beetle
 18570 | Lair:3   | Reached skill level 10 in Armour
 18667 | Lair:4   | Reached XP level 14. HP: 115/115 MP: 20/20
 19443 | Lair:4   | Found a staircase to the Shoals.
 19527 | Lair:4   | Got a glimmering scimitar
 19528 | Lair:4   | Identified the +7 scimitar "Nuzangob" {freeze, +Inv rC+
                  | Will+} (You found it on level 4 of the Lair of Beasts)
 20530 | Lair:6   | Entered Level 6 of the Lair of Beasts
 20530 | Lair:6   | Found a runed translucent door.
 20530 | Lair:6   | Found a viscous altar of Jiyva.
 20532 | Lair:6   | Found a staircase to the Slime Pits.
 20597 | Lair:6   | Found a gate leading to a gauntlet.
 20625 | Gauntlet | Entered a Gauntlet
 20625 | Gauntlet | Found a transporter.
 20625 | Gauntlet | Found a transporter.
 20625 | Gauntlet | Found a transporter.
 20634 | Gauntlet | Found a runed translucent door.
 20637 | Gauntlet | Found a transporter.
 20638 | Gauntlet | Found a transporter.
 20646 | Gauntlet | Found a transporter.
 20649 | Gauntlet | Found a transporter.
 20660 | Gauntlet | Found a transporter.
 20675 | Gauntlet | Found a transporter.
 20681 | Gauntlet | Found a transporter.
 20683 | Gauntlet | Found a transporter.
 20693 | Gauntlet | Found a transporter.
 21072 | Gauntlet | Identified the +1 hand crossbow of Attainder {vorpal,
                  | rPois}
 21072 | Gauntlet | Noticed a minotaur
 21087 | Gauntlet | Killed a minotaur
 21087 | Gauntlet | Reached ****** piety under Makhleb
 22024 | D:12     | Noticed Nergalle
 22034 | D:12     | Killed Nergalle
 22630 | D:12     | Reached XP level 15. HP: 125/125 MP: 21/21
 23014 | D:12     | Noticed Erolcha
 23025 | D:12     | Killed Erolcha
 23417 | D:12     | Noticed Nessos
 23426 | D:12     | Killed Nessos
 23534 | D:13     | Noticed Maurice
 23549 | D:13     | Killed Maurice
 23674 | D:13     | Noticed Josephine
 23688 | D:13     | Killed Josephine
 23841 | D:13     | Noticed Sonja
 23864 | D:13     | Killed Sonja
 25202 | D:14     | Found a portal to a secret trove of treasure.
 25277 | D:14     | Found a gate to the Vaults.
 25515 | D:15     | Entered Level 15 of the Dungeon
 25758 | D:15     | Identified Roxanne's Almanac of Stones
 25758 | D:15     | Noticed Roxanne
 26123 | D:15     | Found a staircase to the Depths.
 26123 | D:15     | Noticed a frost giant
 26135 | D:15     | Killed a frost giant
 26716 | Lair:1   | Killed Fannar
 26995 | Orc:1    | Entered Level 1 of the Orcish Mines
 27025 | Orc:1    | Reached XP level 16. HP: 134/134 MP: 22/22
 27369 | Orc:1    | Found a frozen archway.
 27754 | Orc:2    | Entered Level 2 of the Orcish Mines
 27825 | Orc:2    | Found a roughly hewn altar of Beogh.
 28033 | Orc:2    | Found Emiw's Antique Armour Boutique.
 28099 | Orc:2    | Noticed Donald
 28124 | Orc:2    | Found Ciufi's Book Boutique.
 28157 | Orc:2    | HP: 2/110 [Donald/+2 broad axe of draining (7)]
 28163 | Orc:2    | Mangled by Donald

Illustrated notes

Levels and vault maps discovered:
D:1:      minmay_arrival_checkered_box, layout_loops_ring
D:2:      layout_loops_ring, dk_xom_monty_hall, uniq_robin, uniq_terence
D:3:      layout_basic, gammafunk_ghost_grave, hangedman_decor_points, uniq_ijyb
D:4:      layout_basic, minitemple, kennysheep_mini, guppyfry_shop_venom
D:5:      layout_basic, minmay_temple_entry_ruins, lemuel_flamethrower_2
D:6:      layout_basic, kennysheep_another_room, minmay_fountain_box,
          uniq_sigmund, uniq_prince_ribbit1
D:7:      layout_cave_pools, serial_shops, shop, fedhas_altar_1
D:8:      layout_cave_pools, nzn_hepliaklqana_mist_gate,
          eat_drink_and_be_merry_uskayaw, kennysheep_mini_moat
D:9:      layout_gridville, grunt_qazlal_sundering, minmay_lair_entry_grove,
          uniq_grum
D:10:     layout_roguey, uniq_harold
D:11:     layout_loops_ring, david_orc_4, serial_shops, shop,
          gammafunk_ghost_stat_death, nicolae_benzene_ring, uniq_urug
D:12:     lemuel_ice_spiral_2, layout_basic, uniq_nergalle, uniq_nessos,
          uniq_erolcha
D:13:     layout_basic, uniq_sonja, uniq_josephine, uniq_maurice
D:14:     layout_loops_ring, erik_vaults_1, enter_trove_5, nrook_pool_corridor
D:15:     grunt_enter_depths_snipers, layout_irregular_city, serial_park_gazebo
          [serial_park_minivault_5x5_1], uniq_roxanne
Temple:   jpeg_temple_clearing
Lair:1:   layout_concentric_octagons, grunt_megastairs_3, uniq_fannar
Lair:2:   mu_elephants_graveyard, layout_regular_city, spider_nest_entry_webs,
          nicolae_quartered_pool_medium, amcnicky_altar_gilded
Lair:3:   gammafunk_indiana_jones, layout_hall_layers,
          nzn_masters_of_martial_movement
Lair:4:   layout_gridlike, elwin_shoals_entry_rooms, grunt_megastairs_4
Lair:5:   layout_hall_layers, serial_rivers, chequers_serial_rivers_micro_c,
          chequers_serial_rivers_small_b, chequers_serial_rivers_small_a,
          chequers_serial_rivers_small_a, chequers_serial_rivers_micro_e
Lair:6:   minmay_lair_end_frog_pond, layout_long_grid, slime_altar_2,
          gauntlet_entry_generic, minivault_27, minmay_lair_oklob_chamber,
          lemuel_fruit_tree
Orc:1:    cheibrodos_orc_bank, layout_diamond_mine, portal_ice_cave_entry_imps,
          roderic_batcave, lightli_orcish_oven
Orc:2:    grunt_orc_gardens, layout_caves, grunt_orc_garden, grunt_orc_garden,
          grunt_orc_garden, grunt_orc_garden, basic_altar, sword_in_stone,
          uniq_jorgrun, uniq_donald

Skill      XL: |  1  2  3  4  5  6  7  8  9 10 11 12 13 14 15 |
---------------+----------------------------------------------+-----
Long Blades    | 3 4 5 7 8 10 11 12 13 14 | 14.9
Fighting       | 4 5 6 7 8 9 10 11 12 13 14 | 14.9
Invocations    | 2 4 6 8 9 |  9.0
Shields        | 4 6 7 9 10 12 14 | 14.4
Armour         | 5 7 8 10 11 13 | 13.3

Action                   |  1- 3 |  4- 6 |  7- 9 | 10-12 | 13-15 | 16-18 || total
-------------------------+-------+-------+-------+-------+-------+-------++-------
Melee: Long sword        |    24 |       |   200 |   848 |   456 |       ||  1528
       Whip              |    57 |   166 |    79 |       |       |       ||   302
       Morningstar       |       |       |    48 |       |    62 |       ||   110
       Scimitar          |       |       |       |       |   739 |   301 ||  1040
Throw: Dart              |       |       |     5 |    26 |    37 |     1 ||    69
Invok: Lesser Servant of |       |       |       |     2 |     2 |       ||     4
       Major Destruction |       |       |       |       |     1 |       ||     1
       Greater Servant o |       |       |       |       |       |     1 ||     1
 Abil: Dig               |       |     2 |       |       |     1 |     2 ||     5
       Shaft Self        |       |       |       |     1 |       |       ||     1
Evoke: Wand              |       |       |       |     3 |       |       ||     3
  Use: Scroll            |       |       |    19 |       |    10 |       ||    29
       Potion            |       |       |       |     2 |     3 |     1 ||     6
Armor: Scale mail        |    50 |    56 |    85 |    46 |       |       ||   237
       Plate armour      |       |       |       |   241 |   395 |    63 ||   699
Dodge: Dodged            |    28 |    39 |    93 |   158 |   161 |    37 ||   516
Block: Kite shield       |    50 |    75 |   161 |   719 |   984 |   206 ||  2195
       Reflection        |       |       |       |     6 |    25 |    17 ||    48
       Rpst.: Long sword |     1 |       |    12 |    42 |    14 |       ||    69
       Scimitar          |       |       |       |       |     9 |    15 ||    24
